Map: 뉴 리퍼그넌시 - 래더

Players

herO - Winner!

  • Race: Protoss Protoss
  • Spawn Location: 7:00

Creator

  • Race: Protoss Protoss
  • Spawn Location: 1:00

Event: IEM Season 13: Katowice (2019)

VOD

Have the link to the VOD?

Description

Time

  • Played on: Feb. 28, 2019, 8:52 a.m.
  • Length: 8:10

All games in this series

Show
View Real Time Build Order
Export as new Build Order

herO Protoss - Winner!

Build Orders: Oracle Opening, Phoenix Opening 

Get SALT Encoding   

  12  0:00  Probe  
  13  0:12  Probe  
  14  0:17  Pylon  
  14  0:23  Probe  
  15  0:32  Probe  
  15  0:37  Gateway  
  15  0:40  Probe  
  16  0:48  Assimilator  
  17  0:50  Probe  
  18  0:57  Assimilator  
  18  0:58  Probe  
  19  1:06  Probe  
  20  1:15  Gateway  
  20  1:17  Probe  
  21  1:27  Cybernetics Core  
  21  1:29  Probe  
  22  1:37  Pylon  
  22  1:41  Probe  
  23  1:55  Probe  
  24  2:03  Warp Gate, Adept x2  
  24  2:08  Pylon  
  27  2:16  Stargate  
  27  2:26  Pylon  
  27  2:33  Adept x2  
  27  2:36  Probe  
  32  2:50  Oracle  
  33  3:10  Shield Battery  
  33  3:11  Pylon  
  33  3:12  Stalker x2  
  36  3:25  Gateway  
  36  3:32  Phoenix  
  38  3:52  Stalker x2  
  42  4:11  Nexus  
  42  4:13  Probe  
  42  4:14  Oracle  
  43  4:26  Probe  
  47  4:34  Robotics Facility  
  47  4:50  Adept  
  43  4:54  Probe  
  40  5:06  Probe  
  41  5:10  Immortal  
  41  5:18  Probe  
  46  5:40  Warp Prism, Stalker x2  
  36  6:05  Stalker  
  36  6:08  Probe x2  
  38  6:14  Sentry  
  38  6:16  Immortal  
  44  6:48  Adept  
  44  6:49  Adept  
  44  6:53  Observer  
  48  6:56  Gateway  
  49  7:11  Sentry, Adept  
  49  7:14  Pylon  
  53  7:34  Adept  
  53  7:35  Adept  
  53  7:59  Stalker x2  
Show
View Real Time Build Order
Export as new Build Order

Creator Protoss 

Build Orders:  

Get SALT Encoding   

  12  0:00  Probe  
  13  0:12  Probe  
  14  0:17  Pylon  
  14  0:23  Probe  
  15  0:32  Probe  
  15  0:37  Gateway  
  15  0:40  Probe  
  16  0:46  Assimilator  
  17  0:50  Probe  
  17  0:55  Assimilator  
  18  0:58  Probe  
  19  1:06  Probe  
  19  1:09  Gateway  
  20  1:17  Probe  
  21  1:26  Cybernetics Core  
  21  1:29  Probe  
  22  1:37  Pylon  
  22  1:41  Probe  
  23  1:55  Probe  
  23  2:01  Warp Gate  
  24  2:03  Stalker x2  
  28  2:12  Pylon  
  28  2:33  Stalker x2  
  31  3:03  Stalker x2  
  35  3:10  Shield Battery  
  35  3:20  Nexus  
  35  3:29  Probe, Robotics Facility  
  36  3:42  Probe  
  36  3:43  Pylon  
  36  3:56  Probe  
  36  4:01  Adept  
  36  4:02  Adept  
  41  4:06  Warp Prism  
  41  4:21  Stalker  
  41  4:22  Stalker  
  45  4:47  Stalker x2  
  45  4:57  Probe  
  45  4:58  Probe  
  42  5:09  Stalker  
  42  5:10  Stalker  
  42  5:11  Probe x2  
  48  5:25  Stalker  
  46  5:38  Stalker  
  41  5:54  Probe x2  
  33  5:59  Stalker x2  
  33  6:01  Forge  
  33  6:02  Probe x2  
  33  6:11  Probe x2  
  31  6:21  Probe x2  
  31  6:22  Sentry  
  31  6:23  Stalker  
  31  6:24  Observer  
  38  6:33  Probe x2  
  40  6:45  Probe x2  
  42  6:50  Sentry, Stalker  
  46  6:57  Probe x2  
  46  6:58  Warp Prism  
  48  7:09  Probe x2  
  48  7:14  Sentry, Adept  
  56  7:16  Pylon  
  56  7:34  Stalker  
  58  7:37  Stalker  
  50  8:00  Adept  
  50  8:03  Adept  

Tags
 
Add a new tag
Caveats
  • Supply blocks, unpowered buildings, or Contaminate may cause inaccurate times.
  • Supply counts are checked every 10 seconds.